 Dungeon Crawl Stone Soup version 0.28.0-53-g5a82cb258f (webtiles) character file.

Game seed: 17507519271491518300

7 sunkwok the Firebug (level 1, -1/10 HPs)
             Began as a Deep Elf Fire Elementalist on June 1, 2022.
             Slain by a quokka (2 damage)
             ... on level 1 of the Dungeon.
             The game lasted 00:06:03 (396 turns).

sunkwok the Firebug (Deep Elf Fire Elementalist)     Turns: 396, Time: 00:06:04

Health: -1/10      AC: 10    Str:  5    XL:     1   Next: 91%
Magic:  4/6        EV: -4    Int: 19    God:
Gold:   20         SH:  0    Dex: 15    Spells: 5/6 levels left

rFire   . . .      SeeInvis .   (no weapon)
rCold   . . .      Faith    .   (no shield)
rNeg    . . .      Spirit   .   d - +0 plate armour
rPois   .          Reflect  .   (no helmet)
rElec   .          Harm     .   (no cloak)
rCorr   .          Rampage  .   (no gloves)
Will    .....                   (no boots)
Stlth   ..........              (no amulet)
HPRegen 0.03/turn               (no ring)
MPRegen 0.10/turn               (no ring)

@: very slightly contaminated
A: no striking features
a: no special abilities


You were on level 1 of the Dungeon.
You visited 1 branch of the dungeon, and saw 1 of its levels.

You collected 20 gold pieces.

Inventory:

Missiles
 c - 19 stones
Armour
 a - a +0 robe
 d - a +0 plate armour (worn)
 e - a +0 ring mail
Scrolls
 b - a scroll of brand weapon {unknown}


   Skills:
 + Level 2.4 Dodging
 + Level 2.6 Stealth
 + Level 3.1 Spellcasting
 + Level 1.1 Conjurations
 + Level 3.7 Fire Magic


You had 5 spell levels left.
You knew the following spells:

 Your Spells              Type           Power      Damage    Failure   Level
a - Foxfire               Conj/Fire      48%        2x1d6     100%        1

Your spell library contained the following spells:

 Spells                   Type           Power      Damage    Failure   Level
 Scorch                   Fire           34%        2d7       100%        2
 Conjure Flame            Conj/Fire      12%        6-21      100%        3
 Inner Flame              Hex/Fire       10%        N/A       100%        3
 Flame Wave               Conj/Fire      12%        2d6       100%        4


Dungeon Overview and Level Annotations

Branches:
Dungeon (1/15)

Altars:


Message History

e - a +0 ring mail A quokka comes into view.
The quokka moves out of view.
A goblin comes into view. It is wielding a +0 dagger.
Casting: Foxfire (safe; 100% risk of failure)
Press: ? - help, Q - select action, (/) - cycle Dir - look around, f - activate Look: a quokka You miscast Foxfire.
You are very lightly contaminated with residual magic.
Nothing appears to happen.
The quokka bites you but does no damage.
Casting: Foxfire (safe; 100% risk of failure)
Press: ? - help, Q - select action, (/) - cycle Dir - look around, f - activate Look: a quokka You miscast Foxfire.
Nothing appears to happen.
The quokka bites you but does no damage.
Casting: Foxfire (safe; 100% risk of failure)
Press: ? - help, Q - select action, (/) - cycle Dir - look around, f - activate Look: a quokka You miscast Foxfire.
Nothing appears to happen.
The quokka bites you. The quokka bites you.
Casting: Foxfire (safe; 100% risk of failure)
Press: ? - help, Q - select action, (/) - cycle Dir - look around, f - activate Look: a quokka You miscast Foxfire.
Nothing appears to happen.
The quokka bites you but does no damage.
You hit the quokka but do no damage.
The quokka bites you but does no damage.
You closely miss the quokka.
The quokka twitches its whiskers.
The quokka bites you but does no damage.
You closely miss the quokka. The quokka bites you.
* * * LOW HITPOINT WARNING * * *
The quokka bites you but does no damage.
The quokka bites you.
* * * LOW HITPOINT WARNING * * *
The quokka bites you but does no damage.
The quokka bites you.
You die...

......... #######.# #.# #.#
### ### #.# .. ..# #.# .# #.#
#.# #####.# #.# #.# ...
#####...@.# #.# ##.# #..
.......r### #.# ##... #g#
#####.#g# #.###.... ####.#
#.#.# #........ ....# #.#.#
#..##.... #..# #.#.##
#..###... #..#######....#####
#..# ##.#
#.................####..####.#
##.####.###...###............#


You could see a quokka and a goblin.

Vanquished Creatures
  A bat (D:1)
  An endoplasm (D:1)
  A hobgoblin (D:1)
  2 jackals (D:1)
  A rat (D:1)
6 creatures vanquished.

Vanquished Creatures (collateral kills)
  A foxfire (D:1)
1 creature vanquished.

Vanquished Creatures (others)
  14 foxfires (D:1)
  2 plants (D:1)
16 creatures vanquished.

Grand Total: 23 creatures vanquished

Notes
Turn   | Place    | Note
-------+----------+-------------------------------------------
     0 | D:1      | sunkwok the Deep Elf Fire Elementalist began the quest for
                  | the Orb.
     0 | D:1      | Reached XP level 1. HP: 10/10 MP: 6/6
   396 | D:1      | Slain by a quokka

Illustrated notes

Levels and vault maps discovered:
D:1:      sevenhm_arrival_forest_fort_large_4, layout_loops_ring,
          dilly_ecumenical_altar_fadedgnrine

Action                   || total
-------------------------++-------
Melee: Unarmed           ||    10
 Cast: Foxfire           ||    11
Armor: Plate armour      ||     7
Dodge: Dodged            ||     6
